 Dungeon Crawl Stone Soup version 0.30.1-9-gdf580d7c3d (webtiles) character file.

Game seed: 8326843623591947796

13617 eliilek the Basher (level 11, -10/102 HPs)
             Began as a Minotaur Fighter on Oct 5, 2023.
             Was a Follower of Yredelemnul.
             Mangled by an orc warrior
             ... wielding a +0 battleaxe
              (14 damage)
             ... on level 1 of the Orcish Mines.
             The game lasted 00:28:23 (8237 turns).

eliilek the Basher (Minotaur Fighter)               Turns: 8237, Time: 00:28:24

Health: -10/102    AC: 23    Str: 29    XL:     11   Next: 77%
Magic:  13/13      EV: 12    Int:  5    God:    Yredelemnul [*.....]
Gold:   634        SH:  7    Dex: 18    Spells: 10/10 levels left

rFire   . . .        a - +5 morningstar
rCold   . . .        c - +0 buckler
rNeg    . . .        y - +7 chain mail {ponderous}
rPois   .            N - +2 hat
rElec   .            q - +0 cloak
rCorr   .            (no gloves)
SInv    .            g - +0 pair of boots
Will    .....        (no amulet) Stlth
                     k - +6 ring of strength
HPRegen 0.37/turn    w - +6 ring of dexterity
MPRegen 0.13/turn

%: no passive effects
@: mighty, slow
A: horns 2, retaliatory headbutt
a: Renounce Religion, Recall Undead Harvest


You were on level 1 of the Orcish Mines.
You worshipped Yredelemnul.
Yredelemnul was noncommittal.
You visited 2 branches of the dungeon, and saw 10 of its levels.
You also visited: Bailey.

You collected 706 gold pieces.
You spent 72 gold pieces at shops.

Inventory:

Hand Weapons
 a - a +5 morningstar (weapon)
Missiles
 p - 5 datura-tipped darts
 z - 38 poisoned darts (quivered)
Armour
 c - a +0 buckler (worn)
 g - a +0 pair of boots (worn)
 q - a +0 cloak (worn)
 y - a +7 chain mail of ponderousness (worn)
 N - a +2 hat (worn)
Jewellery
 i - a ring of fire
 k - a +6 ring of strength (left hand)
 s - a ring of see invisible
 w - a +6 ring of dexterity (right hand)
Wands
 D - a wand of iceblast (6)
 I - a wand of flame (24)
 M - a wand of acid (6)
Scrolls
 b - 2 scrolls of identify
 f - 4 scrolls of vulnerability
 h - 4 scrolls of noise
 j - 4 scrolls of butterflies {unknown}
 m - 2 scrolls of immolation {unknown}
 n - 3 scrolls of enchant weapon {unknown}
 r - a scroll of acquirement {unknown}
 t - a scroll of poison {unknown}
 x - 2 scrolls of enchant armour {unknown}
 A - 2 scrolls of magic mapping {unknown}
 B - 4 scrolls of fear {unknown}
 F - a scroll of teleportation {unknown}
 J - a scroll of silence {unknown}
 L - a scroll of fog {unknown}
Potions
 d - a potion of might
 e - 9 potions of curing {unknown}
 l - a potion of brilliance {unknown}
 o - 3 potions of mutation {unknown}
 u - 2 potions of flight {unknown}
 v - 2 potions of magic {unknown}
 C - 4 potions of lignification
 E - a potion of resistance {unknown}
 G - a potion of attraction {unknown}
 H - 5 potions of cancellation {unknown}
 K - a potion of haste {unknown}


   Skills:
 + Level 11.4 Fighting
 - Level 14.0 Maces & Flails
 - Level 10.0 Armour
 - Level 5.0 Dodging
 + Level 8.8 Shields
 - Level 5.0 Invocations


You had 10 spell levels left.
You didn't know any spells.
Your spell library contained the following spells:

 Spells                   Type           Power      Damage    Failure   Level
 Apportation              Tloc           0%         N/A       90%         1
 Beastly Appendage        Tmut           0%         N/A       90%         1
 Wereblood                Tmut           0%         N/A       97%         2
 Hailstorm                Conj/Ice       0%         3d3       99%         3
 Spider Form              Tmut/Pois      0%         N/A       99%         3
 Stone Arrow              Conj/Erth      0%         3d7       99%         3
 Animate Armour           Summ/Erth      0%         N/A       100%        4
 Ice Form                 Ice/Tmut       0%         N/A       100%        4
 Lehudib's Crystal Spear  Conj/Erth      0%         10d2      100%        8
 Simulacrum               Ice/Necr       Unusable   N/A       N/A         6

Dungeon Overview and Level Annotations

Branches:
Dungeon (9/15)             Temple (0/1) D:6             Orc (1/2) D:9
 Bailey (visited)
   Lair: D:8-11

Altars:
Ashenzari
Dithmenos
Gozag
Nemelex Xobeh
Okawaru
Ru
Vehumet
Wu Jian
Xom
Yredelemnul

Shops:
D:2 !   D:6 (

Annotations:
Orc:1 2 transporters


Innate Abilities, Weirdness & Mutations

You have a pair of horns on your head.
You reflexively headbutt those who attack you in melee.


Message History

The orc knight hits your orc warrior zombie with a +0 battleaxe!
The orc warrior hits your orc warrior zombie with a +0 long sword!
The orc warrior hits you but does no damage.
You bludgeon the orc knight!!
You kill the orc knight!
The dead are walking!
Your orc warrior zombie barely misses the orc warrior.
The orc warrior barely misses your orc knight zombie.
The orc warrior closely misses your orc knight zombie.
The orc warrior sings a few bars from the Orcish anthem.
The orc warrior misses you. You furiously retaliate!
You headbutt the orc warrior! You sock the orc warrior!
The orc warrior is almost dead.
Your orc warrior zombie hits the orc warrior but does no damage.
You thump the orc warrior!
You kill the orc warrior!
The dead are walking!
You can now trade souls for undead servants.
The orc warrior hits your orc knight zombie with a +0 long sword!!
The orc warrior closely misses your orc knight zombie.
The orc warrior throws a boomerang.
The boomerang barely misses your orc knight zombie.
The boomerang closely misses you.
Your orc knight zombie hits the orc warrior.
The orc warrior hits your orc knight zombie with a +0 long sword!!
The orc warrior hits your orc knight zombie with a +0 long sword of electrocution!
Lightning courses through your orc knight zombie!!
Your orc knight zombie is destroyed!
The orc warrior throws a boomerang.
The boomerang hits you but does no damage.
Your orc warrior zombie barely misses the orc warrior.
You can no longer trade souls for undead servants.
The orc warrior hits you but does no damage. x2
You are electrocuted!
* * * LOW HITPOINT WARNING * * *
The orc warrior closely misses your orc warrior zombie.
The orc warrior hits you with a +0 battleaxe!
You die...
Your body rises from the dead as a mindless zombie.

.#......>.....o...#
#...Z.......
#........o#.....##
##.###...#.#
.............######.##
##...##
.....#.....o.##.#...#
##.#.#
..........oo......##
.....
......#o.##.#...#
#.#.#
..#..##ooo####.## ####
.....


#ooo# ### ..... ##@Z## ##.# #.).# ## ##Z## ### You could see 5 orc warriors, 5
orcs and 2 friendly orc warrior zombies.

Vanquished Creatures
  Erolcha (D:9)
  A two-headed ogre (D:4)
  2 orc knights
  4 unseen horror zombies (D:9)
  A kobold demonologist (D:9)
  2 trolls
  2 hornets
  Prince Ribbit (D:6)
  Sigmund (D:5)
  5 yaks (D:9)
  Eustachio (D:4)
  2 wyverns
  Edmund (D:4)
  2 wargs (Orc:1)
  Menkaure (D:4)
  An acid dragon (D:9)
  2 water moccasins
  20 orc warriors
  3 ice beasts
  3 sky beasts
  3 black bears
  2 ogres
  A phantom (D:5)
  2 kobold brigands
  3 bullfrogs
  3 scorpions
  A wyvern zombie (D:9)
  19 wights
  9 killer bees
  3 howler monkeys
  2 electric eels (D:8)
  3 centaur zombies (D:9)
  6 jellies
  2 hounds
  Crazy Yiuf (D:2)
  A sleepcap (D:7)
  Terence (D:2)
  8 orc wizards
  A killer bee zombie (D:9)
  A howler monkey zombie (D:9)
  4 adders
  7 gnolls
  3 shadow imps
  2 worms
  A dart slug (D:2)
  50 orcs
  4 endoplasms
  3 giant cockroaches (D:4)
  12 goblins
  12 hobgoblins
  21 kobolds
  4 quokkas
  3 ball pythons
  2 bats (D:1)
  7 frilled lizards
  2 rats
265 creatures vanquished.

Vanquished Creatures (collateral kills)
  A troll (Orc:1)
  Grinder (D:4)
  A wyvern (D:8)
  A water moccasin (D:5)
  An orc warrior (Bailey)
  A black bear (D:6)
  A kobold brigand (D:9)
  A gnoll sergeant (D:7)
  3 killer bees (D:5)
  An adder (D:5)
  A dart slug (D:5)
  13 orcs
  A ball python (D:4)
  A hobgoblin (D:4)
  4 kobolds
32 creatures vanquished.

Vanquished Creatures (others)
  2 spectral shadow imps
  A water moccasin zombie (D:5)
  2 warg zombies (Orc:1)
  A yak zombie (D:9)
  A bullfrog zombie (D:7)
  A worm zombie (D:4)
  An adder zombie (D:5)
  A human zombie (D:5)
  A gnoll zombie (Orc:1)
  A ball python zombie (D:2)
  2 frilled lizard zombies (D:2)
  2 giant cockroach zombies (D:4)
  2 goblin zombies
  3 hobgoblin zombies
  9 kobold zombies
  23 orc zombies
  A quokka zombie (D:2)
  A rat zombie (D:2)
55 creatures vanquished.

Grand Total: 352 creatures vanquished

Notes
Turn   | Place    | Note
-------+----------+-------------------------------------------
     0 | D:1      | eliilek the Minotaur Fighter began the quest for the Orb.
     0 | D:1      | Reached XP level 1. HP: 19/19 MP: 0/0
   253 | D:1      | Reached XP level 2. HP: 27/27 MP: 1/1
   385 | D:1      | Reached skill level 3 in Maces & Flails
   395 | D:1      | Found a faded altar of an unknown god.
   409 | D:1      | Got Plato's Folio of Geometries
   979 | D:1      | Prayed at the altar of an unknown god.
   979 | D:1      | Became a worshipper of Yredelemnul the Dark
   979 | D:1      | Reached * piety under Yredelemnul
  1024 | D:2      | Found Pyol's Distillery.
  1071 | D:2      | Reached XP level 3. HP: 26/33 MP: 2/2
  1114 | D:2      | Noticed Terence
  1128 | D:2      | Killed Terence
  1491 | D:2      | Reached XP level 4. HP: 40/40 MP: 3/3
  1579 | D:2      | Reached ** piety under Yredelemnul
  1611 | D:2      | Reached skill level 4 in Maces & Flails
  1771 | D:2      | Bought a potion of berserk rage for 60 gold pieces
  1771 | D:2      | Bought a potion of degeneration for 12 gold pieces
  1791 | D:2      | Found a runed translucent door.
  1792 | D:2      | Noticed Crazy Yiuf
  1824 | D:2      | Killed Crazy Yiuf
  1907 | D:2      | Identified the +4 hammer of Eternal Vigilance {freeze,
                  | rPois Str-3 Int+2}
  2179 | D:3      | Reached skill level 1 in Invocations
  2179 | D:3      | Reached XP level 5. HP: 47/47 MP: 4/4
  2302 | D:3      | Found a sacrificial altar of Ru.
  2329 | D:4      | Reached skill level 5 in Shields
  2376 | D:4      | Noticed Edmund
  2404 | D:4      | Killed Edmund
  2405 | D:4      | Reached skill level 5 in Maces & Flails
  2405 | D:4      | Reached XP level 6. HP: 22/53 MP: 6/6
  2676 | D:4      | Noticed Grinder
  2683 | D:4      | Paralysed by Grinder for 2 turns
  2691 | D:4      | Paralysed by Grinder for 3 turns
  2693 | D:4      | Killed Grinder
  2694 | D:4      | Reached skill level 5 in Fighting
  2694 | D:4      | Reached XP level 7. HP: 51/61 MP: 7/7
  2802 | D:4      | Noticed a two-headed ogre
  2804 | D:4      | Your ally Grinder died
  2830 | D:4      | Killed a two-headed ogre
  2831 | D:4      | Reached skill level 6 in Maces & Flails
  2831 | D:4      | Reached skill level 5 in Armour
  2831 | D:4      | Reached XP level 8. HP: 20/70 MP: 7/9
  3096 | D:4      | Reached skill level 7 in Maces & Flails
  3227 | D:4      | Noticed Menkaure
  3231 | D:4      | Killed Menkaure
  3431 | D:4      | Noticed Eustachio
  3450 | D:4      | Killed Eustachio
  3451 | D:4      | Reached skill level 8 in Maces & Flails
  3592 | D:5      | Entered Level 5 of the Dungeon
  3634 | D:5      | Reached XP level 9. HP: 52/78 MP: 11/11
  3817 | D:5      | Noticed Sigmund
  3825 | D:5      | Killed Sigmund
  3844 | D:5      | Your ally Sigmund died
  3852 | D:5      | Reached skill level 9 in Maces & Flails
  3966 | D:5      | Reached *** piety under Yredelemnul
  3967 | D:5      | Reached skill level 5 in Invocations
  4043 | D:5      | Found a broken altar of Ashenzari.
  4107 | D:6      | Found a staircase to the Ecumenical Temple.
  4195 | D:6      | Noticed Prince Ribbit
  4205 | D:6      | Killed Prince Ribbit
  4367 | D:6      | Reached skill level 10 in Maces & Flails
  4551 | D:6      | Found a shadowy altar of Dithmenos.
  4769 | D:6      | Found Poguvi's Antique Weapon Shop.
  5103 | D:7      | Found a sparkling altar of Nemelex Xobeh.
  5142 | D:7      | Identified the +0 ring mail of Saciant {Regen+ Dex+2}
  5179 | D:7      | Reached XP level 10. HP: 80/90 MP: 12/12
  5185 | D:7      | Reached skill level 11 in Maces & Flails
  5646 | D:8      | Found an opulent altar of Gozag.
  5758 | D:8      | Found an ornate altar of the Wu Jian Council.
  5938 | D:8      | Reached skill level 12 in Maces & Flails
  5965 | D:8      | Found a shimmering altar of Xom.
  5969 | D:8      | Found a radiant altar of Vehumet.
  6434 | D:9      | Reached skill level 10 in Fighting
  6434 | D:9      | Reached skill level 13 in Maces & Flails
  6584 | D:9      | Reached XP level 11. HP: 99/99 MP: 13/13
  6611 | D:9      | Found a flagged portal.
  6621 | D:9      | Reached skill level 10 in Armour
  6641 | D:9      | Reached skill level 1 in Dodging
  6646 | D:9      | Noticed Erolcha
  6650 | Bailey   | Entered a bailey
  7065 | Bailey   | Identified the +4 sling "Orb Guardian's Peril" {antimagic,
                  | Int+5 Dex+3}
  7066 | Bailey   | Identified the +0 helmet "Mice" {Rampage MP+9}
  7145 | Bailey   | Noticed an orc knight
  7166 | Bailey   | Killed an orc knight
  7233 | D:9      | Killed Erolcha
  7539 | D:9      | Found an iron altar of Okawaru.
  7572 | D:9      | Reached skill level 14 in Maces & Flails
  7663 | D:9      | Found a staircase to the Orcish Mines.
  7814 | Orc:1    | Entered Level 1 of the Orcish Mines
  8163 | Orc:1    | Found a transporter.
  8176 | Orc:1    | Found a transporter.
  8179 | Orc:1    | Noticed an orc knight
  8186 | Orc:1    | Noticed an orc knight
  8188 | Orc:1    | Noticed an orc warlord
  8195 | Orc:1    | Reached skill level 5 in Dodging
  8233 | Orc:1    | Killed an orc knight
  8237 | Orc:1    | HP: 4/102 [orc warrior/+0 long sword of electrocution (8)]
  8237 | Orc:1    | Mangled by an orc warrior

Illustrated notes

Levels and vault maps discovered:
D:1:      heliophobic_arrival_enchanted_forest, layout_loops_corners,
          shapermc_ecumenical_altar_rom_forum
D:2:      layout_loops_ring, serial_shops, nicolae_shop_peninsula,
          minmay_pentomino_w2, uniq_terence, uniq_crazy_yiuf_cottage
D:3:      layout_basic, nicolae_ru_the_path_less_chosen
D:4:      layout_basic, grunt_ministairs_10, uniq_grinder, uniq_edmund,
          uniq_eustachio, uniq_menkaure
D:5:      layout_rooms, cheibrodos_ashenzari_chains, uniq_sigmund
D:6:      layout_loops_corners, lemuel_doored_altar,
          minmay_temple_entry_mini_moons, serial_shops, shop,
          uniq_prince_ribbit1
D:7:      layout_basic, lemuel_tele_altar
D:8:      layout_cave_pools, mainiacjoe_overflow_small_starburst,
          nzn_wu_jian_contemplation, nicolae_overflow_squiral
D:9:      layout_rooms, okawaru_metal_pillars_1_2, orc_0_dummy, enter_bailey_2,
          serial_undead, serial_undead_c, serial_undead_d, serial_undead_c,
          serial_undead_a, serial_undead_a, serial_undead_a, uniq_erolcha
Orc:1:    layout_caves, gammafunk_ghost_wrathful_warriors, special_room
          [special_room_orc], uniq_jorgrun

Skill      XL: |  1  2  3  4  5  6  7  8  9 10 11 |
---------------+----------------------------------+-----
Maces & Flails | 3 4 5 6 8 10 13 14 | 14.0
Shields        | 4 5 6 7 8 |  8.8
Fighting       | 4 5 6 8 10 11 | 11.4
Armour         | 4 5 6 8 9 10 | 10.0
Invocations    | 1 2 3 4 5 |  5.0
Dodging        | 5 |  5.0

Action                     |  1- 3 |  4- 6 |  7- 9 | 10-12 || total
---------------------------+-------+-------+-------+-------++-------
  Melee: Flail             |   109 |    19 |       |       ||   128
         Headbutt          |    10 |    17 |    35 |    62 ||   124
         Mace              |       |    64 |   136 |       ||   200
         Morningstar       |       |       |    14 |   318 ||   332
  Throw: Dart              |       |       |       |     2 ||     2
 Invoke: Recall Undead Har |       |     1 |       |     1 ||     2
         Dark Bargain      |       |       |       |     1 ||     1
    Use: Potion            |       |       |     1 |     3 ||     4
         Scroll            |       |       |       |     3 ||     3
   Stab: Distracted        |       |     1 |     1 |     2 ||     4
 Armour: Scale mail        |    51 |    25 |       |       ||    76
         Chain mail        |       |    14 |    64 |   275 ||   353
  Dodge: Dodged            |    48 |    26 |    50 |   231 ||   355
  Block: Buckler           |    24 |    23 |    43 |   153 ||   243
